 Dungeon Crawl Stone Soup version 0.30-a0-718-geaa24f58ff (webtiles) character file.

Game seed: 3534447568758790966

570 voltaire321 the Insei (level 7, 0/46 HPs)
             Began as an Octopode Transmuter on Jan 26, 2023.
             Constricted to death by a ball python (1 damage)
             ... in a sewer.
             The game lasted 00:11:45 (3767 turns).

voltaire321 the Insei (Octopode Transmuter)         Turns: 3767, Time: 00:11:46

Health: 0/46       AC:  1    Str: 16    XL:     7   Next: 34%
Magic:  12/12      EV: 11    Int: 15    God:
Gold:   156        SH:  0    Dex: 14    Spells: 7/13 levels left

rFire   . . .      SeeInvis .    w - +4 whip
rCold   . . .      Faith    .    (no shield)
rNeg    . . .      Spirit   .    (helmet currently unavailable)
rPois   .          Reflect  .    (no amulet)
rElec   .          Harm     .    f - +6 ring of strength
rCorr   .          Rampage  .    (no ring)
Will    .....                    (no ring)
Stlth   +++                      (no ring)
HPRegen 0.27/turn                (no ring)
MPRegen 0.13/turn                (no ring)
                                 (no ring)
                                 (no ring)

@: mighty, lethally poisoned (0 -> -4), appendages (expiring), constricted
A: tentacle spike 3, almost no armour, amphibious, 8 rings, camouflage 1,
gelatinous body 1, nimble swimmer 1, tentacles
a: End Transformation


You were in a sewer.
One of your tentacles had grown a beastly spike.
You visited 1 branch of the dungeon, and saw 5 of its levels.
You also visited: Sewer.

You collected 156 gold pieces.

Inventory:

Hand Weapons
 o - a +0 scimitar
 w - a +4 whip (weapon)
Missiles
 l - 13 poisoned darts
Magical Staves
 h - a staff of conjuration
Jewellery
 f - a +6 ring of strength (left tentacle)
 y - a ring of fire
Wands
 n - a wand of flame (21)
Scrolls
 d - 2 scrolls of teleportation
 e - 3 scrolls of magic mapping {unknown}
 g - a scroll of butterflies {unknown}
 j - a scroll of fog {unknown}
 m - a scroll of amnesia {unknown}
 p - 4 scrolls of vulnerability
 q - 2 scrolls of identify {unknown}
 t - a scroll of silence {unknown}
 v - a scroll of immolation {unknown}
 x - a scroll of noise {unknown}
 A - a scroll of blinking {unknown}
Potions
 a - a potion of lignification
 b - a potion of cancellation {unknown}
 c - a potion of attraction {unknown}
 i - a potion of ambrosia {unknown}
 k - a potion of berserk rage
 r - a potion of flight
 u - a potion of curing {unknown}
 z - a potion of degeneration {unknown}


   Skills:
 + Level 3.2 Fighting
 + Level 3.7 Dodging
 + Level 4.4 Unarmed Combat
 + Level 3.5 Spellcasting
 + Level 3.8 Transmutations
 + Level 2.0 Poison Magic


You had 7 spell levels left.
You knew the following spells:

 Your Spells              Type           Power      Damage    Failure   Level
a - Beastly Appendage     Tmut           28%        N/A       4%          1
b - Wereblood             Tmut           14%        N/A       6%          2
c - Spider Form           Tmut/Pois      11%        N/A       17%         3

Your spell library contained the following spells:

 Spells                   Type           Power      Damage    Failure   Level
 Passwall                 Tmut/Erth      6%         N/A       13%         2
 Sandblast                Erth           4%         2d4       19%         1
 Ignite Poison            Fire/Tmut/Pois 8%         N/A       26%         3
 Static Discharge         Conj/Air       4%         2-3/arc   28%         2
 Kindle Blastsparks       Fire/Tloc/Air  4%         2d10      50%         3
 Stone Arrow              Conj/Erth      4%         3d7       50%         3
 Vhi's Electric Charge    Tloc/Air       4%         N/A       50%         3
 Ice Form                 Ice/Tmut       8%         N/A       65%         4
 Arcjolt                  Conj/Air       1%         1d11      99%         5
 Freezing Cloud           Conj/Ice/Air   1%         6-21      99%         5
 Lightning Bolt           Conj/Air       1%         1d12      99%         5


Dungeon Overview and Level Annotations

Branches:
Dungeon (5/15)              Sewer (1/1)
 Temple: D:4-7

Altars:
Cheibriados
Okawaru

Shops:
D:1 ?


Innate Abilities, Weirdness & Mutations

One of your tentacles has grown a beastly spike.
You cannot wear most types of armour.
You are amphibious.
You can wear up to eight rings at the same time.
Your skin changes colour to match your surroundings (Stealth+).
Your rubbery body absorbs attacks. (AC +1, EV +1)
You are camouflaged when in or above water. (Stealth+)
You have tentacles for arms and can constrict up to eight enemies at once.


Message History

You kill the adder!
You feel sick. The adder completely misses you. The ball python bites you.
The ball python constricts you. The adder bites you.
The frilled lizard bites you.
You miss the adder. You grab the adder.
You pierce the adder.
The adder is moderately wounded.
Your transformation is almost over.
You constrict the adder.
You feel sick. The ball python bites you.
* * * LOW HITPOINT WARNING * * *
The ball python constricts you. The adder bites you.
* * * LOW HITPOINT WARNING * * *
You are more poisoned.
The adder poisons you! The frilled lizard barely misses you.
The ball python misses you. The ball python constricts you.
* * * LOW HITPOINT WARNING * * *
You barely miss the adder.
The adder is heavily wounded.
You constrict the adder.
* * * LOW HITPOINT WARNING * * *
You feel sick. The adder barely misses you.
The frilled lizard bites you but does no damage.
The ball python misses you. The ball python constricts you.
* * * LOW HITPOINT WARNING * * *
The adder closely misses you.
You whack the adder!
You kill the adder!
* * * LOW HITPOINT WARNING * * *
You feel sick. The ball python bites you.
* * * LOW HITPOINT WARNING * * *
The ball python constricts you.
* * * LOW HITPOINT WARNING * * *
The frilled lizard misses you.
A frilled lizard comes into view.
It was a potion of might.
You feel very mighty all of a sudden.
* * * LOW HITPOINT WARNING * * *
You feel sick.
The frilled lizard hisses angrily.
The ball python barely misses you. The ball python constricts you.
You die...

~P~~...~. ..~....~.
~~.~..~~~ .~..~~~~#
.~~....~## ~..~~~l
#####.Sh##
~~~~~.†@~## ##.
.####.l.~.# #P.
#~~~.~.# ##P#
#..~.~.# #~#.P~
######~## #~#.P######
#~~~~~..###~#....≈≈≈#
######~...#~#.∩.≈≈≈≈#
#~~.~..~.~#~#.∩.≈≈≈#
#P....~~..#~#...≈≈≈#


You could see a jackal, a ball python and 2 frilled lizards.

Vanquished Creatures
  Sigmund (D:4)
  A phantom (D:5)
  A hound (D:4)
  A jelly (D:5)
  2 orc wizards (D:4)
  A mummy (D:4)
  9 adders
  An ufetubus (D:4)
  3 worms
  2 dart slugs
  11 orcs
  6 endoplasms
  3 giant cockroaches
  11 goblins
  9 hobgoblins
  8 jackals
  2 kobolds (Sewer)
  3 quokkas
  10 ball pythons
  3 bats
  4 frilled lizards
  7 rats
99 creatures vanquished.

Vanquished Creatures (others)
  4 plants (Sewer)
4 creatures vanquished.

Grand Total: 103 creatures vanquished

Notes
Turn   | Place    | Note
-------+----------+-------------------------------------------
     0 | D:1      | voltaire321 the Octopode Transmuter began the quest for the
                  | Orb.
     0 | D:1      | Reached XP level 1. HP: 13/13 MP: 3/3
    48 | D:1      | Found Urann's Magic Scroll Shoppe.
   210 | D:1      | Reached XP level 2. HP: 13/18 MP: 5/5
   480 | D:1      | Learned a level 2 spell: Wereblood
   750 | D:2      | Reached XP level 3. HP: 23/23 MP: 3/6
  1242 | D:2      | Reached XP level 4. HP: 29/29 MP: 5/7
  2159 | D:3      | Reached XP level 5. HP: 30/34 MP: 8/8
  2411 | D:4      | Noticed Sigmund
  2507 | D:4      | Found a snail-covered altar of Cheibriados.
  2669 | D:4      | Found an iron altar of Okawaru.
  2792 | D:4      | Learned a level 3 spell: Spider Form
  3038 | D:4      | Reached XP level 6. HP: 37/41 MP: 8/10
  3040 | D:4      | Reached skill level 4 in Unarmed Combat
  3140 | D:4      | Killed Sigmund
  3141 | D:4      | Reached skill level 1 in Poison Magic
  3419 | D:5      | Entered Level 5 of the Dungeon
  3523 | D:5      | Reached XP level 7. HP: 25/46 MP: 12/12
  3706 | D:5      | Found a glowing drain.
  3720 | Sewer    | Entered a sewer
  3766 | Sewer    | HP: 2/46 [constriction (1)]
  3767 | Sewer    | Constricted to death by a ball python

Illustrated notes

Levels and vault maps discovered:
D:1:      scummos_arrival_hexagon, layout_loops_cross, serial_shops, shop
D:2:      layout_rooms, kennysheep_cross_bottleneck, minmay_goblin_outpost
D:3:      layout_loops_corners, hex_tiny, kennysheep_generic_room_4
D:4:      layout_cave_pods, slow_altar_2, mainiacjoe_overflow_alcove_1,
          uniq_sigmund
D:5:      layout_cave_pools, enter_ossuary_5, portal_sewer_entry_f,
          roderic_lattice_a, nicolae_shop_unique_rings, uniq_crazy_yiuf_cottage
Sewer:    sewer_co_scattered_pipes

Skill      XL: |  1  2  3  4  5  6  7 |
---------------+----------------------+-----
Fighting       | 2 3 |  3.2
Dodging        | 3 |  3.7
Transmutations | 3 |  3.8
Spellcasting   | 3 |  3.5
Unarmed Combat | 4 |  4.4
Poison Magic   | 1 2 |  2.0

Action                     |  1- 3 |  4- 6 |  7- 9 || total
---------------------------+-------+-------+-------++-------
  Melee: Dagger            |    80 |    94 |       ||   174
         Constrict         |    25 |    37 |     5 ||    67
         Unarmed           |     2 |       |       ||     2
         Tentacles         |    17 |    27 |     4 ||    48
         Kick              |    17 |    16 |     3 ||    36
         Punch             |     2 |     5 |       ||     7
         Whip              |       |    25 |    21 ||    46
   Cast: Beastly Appendage |    15 |    13 |     3 ||    31
  Evoke: Wand              |       |     2 |       ||     2
    Use: Scroll            |       |     2 |       ||     2
         Potion            |       |     2 |     1 ||     3
   Stab: Sleeping          |     3 |     8 |       ||    11
 Armour: Skin              |     6 |    10 |     1 ||    17
  Dodge: Dodged            |    62 |    78 |    18 ||   158

Table legend: (Time is in decaauts)
 A = Elapsed time spent in this place.
 B = Non-inter-level travel time spent in this place.
 C = Inter-level travel time spent in this place.
 D = Time resting spent in this place.
 E = Time spent auto-exploring this place.
 F = Levels seen in this place.
 G = Mean time per level.
                   A        B        C        D        E       F      G
               +--------+--------+--------+--------+--------+-----+--------+
         Total |   3782 |   3561 |    221 |    361 |   2179 |   6 |  630.3 |
       Dungeon |   3733 |   3512 |    221 |    361 |   2179 |   5 |  746.6 |
         Sewer |     48 |     48 |      0 |      0 |      0 |   1 |   48.0 |
               +--------+--------+--------+--------+--------+-----+--------+

Top non-repeatable levels by time:
     D:4: 989 daAuts
     D:3: 968 daAuts
     D:2: 746 daAuts
     D:1: 726 daAuts
     D:5: 302 daAuts
   Sewer: 48 daAuts
